 Dungeon Crawl Stone Soup version 0.18-a0-1195-g77a4f03 (webtiles) character file.

5 4thArraOfDagon the Caller (level 1, 0/14 HPs)
             Began as a Draconian Summoner on Jan 29, 2016.
             Was an Initiate of Yredelemnul.
             Slain by a quokka (2 damage)
             ... on level 3 of the Dungeon.
             The game lasted 00:02:55 (535 turns).

4thArraOfDagon the Caller (Draconian Summoner)       Turns: 535, Time: 00:02:55

Health: 0/14       AC:  4    Str: 10    XL:     1   Next: 66%
Magic:  1/3        EV: 12    Int: 15    God:    Yredelemnul [......]
Gold:   103        SH:  0    Dex: 11    Spells: 1 memorised, 3 levels left

rFire  . . .     SeeInvis .       - Unarmed
rCold  . . .     Gourm    .     (armour unavailable)
rNeg   . . .     Faith    .     (no shield)
rPois  .         Spirit   .     (helmet restricted)
rElec  .         Dismiss  .     (no cloak)
rCorr  .         Reflect  .     (no gloves)
SustAt .         Harm     .     (no boots)
MR     .....                    (no amulet)
Stlth  ++........               (no ring)
                                (no ring)

@: not resistant to hostile enchantments, unstealthy
A: unfitting armour, cold-blooded, AC +4
a: Renounce Religion


You were on level 3 of the Dungeon.
You worshipped Yredelemnul.
Yredelemnul was noncommittal.
You were not hungry.

You visited 2 branches of the dungeon, and saw 5 of its levels.

You collected 103 gold pieces.

Inventory:

Wands
 f - a wand of random effects (27/48)
Scrolls
 c - 2 scrolls of identify {unknown}
 d - a scroll of remove curse {unknown}
 e - a scroll of teleportation {unknown}
Books
 a - a book of Callings

   Spells                             Type                      Level
   a - Summon Small Mammal            Summoning                    1
   b - Call Imp                       Summoning                    2
   c - Call Canine Familiar           Summoning                    3
   d - Summon Guardian Golem          Hexes/Summoning              3
   e - Summon Lightning Spire         Summoning/Air                4
   f - Summon Ice Beast               Ice/Summoning                4
Comestibles
 b - 2 bread rations
 g - a meat ration


   Skills:
 - Level 1.7 Dodging
 - Level 1.7 Stealth
 * Level 1.3 Unarmed Combat
 - Level 2.0 Spellcasting
 - Level 4.0 Summonings


You had 3 spell levels left.
You knew the following spells:

 Your Spells              Type           Power        Failure   Level  Hunger
a - Summon Small Mammal   Summ           ##..         4%          1    #......


Dungeon Overview and Level Annotations

Branches:
Dungeon (4/15)             Temple (1/1) D:4

Altars:
Ashenzari
Elyvilon
Fedhas
Kikubaaqudgha
Makhleb
Nemelex Xobeh
Okawaru
Qazlal
Sif Muna
Trog
Vehumet
Yredelemnul


Innate Abilities, Weirdness & Mutations

Your plain brown scales are hard (AC +4).
Your body does not fit into most forms of armour.
You are cold-blooded and may be slowed by cold attacks.


Message History

Casting: Summon Small Mammal
Confirm with . or Enter, or press ? or * to list all spells.
Your rat bites the quokka.
The quokka bites you.
* * * LOW HITPOINT WARNING * * *
Unknown command.
Your rat barely misses the quokka.
Unknown command.
Your rat misses the quokka.
You see here a dagger.
Unknown command.
You hit the quokka but do no damage.
The quokka is heavily wounded.
The quokka bites you.
* * * LOW HITPOINT WARNING * * *
Your rat closely misses the quokka.
Your rat bites the quokka.
Unknown command.
The quokka barely misses you.
Your rat closely misses the quokka.
Your rat barely misses the quokka.
The quokka bites you.
You die...
Your body rises from the dead as a mindless zombie.

#.##.#
%.#.# #
#.#.# (#
...###.#
#..#...
#..#.#
#.r..#
#rr..#
#)@#.#
#.>#.#
#....#
######


You could see a quokka and 2 friendly rats.

Vanquished Creatures
  A jackal (D:4)
  A kobold (D:1)
2 creatures vanquished.

Vanquished Creatures (collateral kills)
  A jackal (D:4)
  2 kobolds (D:2)
  A giant newt (D:1)
4 creatures vanquished.

Grand Total: 6 creatures vanquished

Notes
Turn   | Place    | Note
--------------------------------------------------------------
     0 | D:1      | 4thArraOfDagon the Draconian Summoner began the quest for the Orb.
     0 | D:1      | Reached XP level 1. HP: 14/14 MP: 3/3
   118 | D:2      | Reached skill level 1 in Unarmed Combat
   447 | D:4      | Found a staircase to the Ecumenical Temple.
   458 | Temple   | Entered the Ecumenical Temple
   493 | Temple   | Became a worshipper of Yredelemnul the Dark
   535 | D:3      | Slain by a quokka

Vault maps used:
D:1:      dpeg_arrival_shelter, serial_bayou_pond_c
D:2:      overflow_temple_1_default, old_standard_altar, ecumenical_altar_1,
          uniq_jessica, uniq_robin
D:4:      minmay_temple_entry_glassed_door, first_bread
Temple:   circular_temple_12

Action                   || total
-------------------------++-------
Melee: Unarmed           ||    23
 Cast: Summon Small Mamm ||    11
